Map: [ESL] Altitude

Players

Zoun - Winner!

  • Race: Protoss Protoss

Has

  • Race: Protoss Protoss
  • League: Gold

Event: IEM Katowice 2023

VOD

Have the link to the VOD?

Description

Time

  • Played on: Feb. 8, 2023, 8:26 a.m.
  • Length: 12:55

All games in this series

Show
View Real Time Build Order
Export as new Build Order

Zoun Protoss - Winner!

Build Orders: Oracle Opening 

Get SALT Encoding   

  12  0:00  Probe  
  13  0:12  Probe  
  14  0:17  Pylon  
  14  0:24  Probe (Chrono Boost)  
  15  0:36  Probe (Chrono Boost)  
  15  0:38  Gateway  
  16  0:44  Probe (Chrono Boost)  
  16  0:49  Assimilator  
  17  0:51  Probe  
  18  1:03  Probe (Chrono Boost)  
  19  1:04  Assimilator  
  19  1:13  Gateway  
  19  1:15  Probe (Chrono Boost)  
  20  1:20  Probe (Chrono Boost)  
  21  1:27  Cybernetics Core  
  21  1:31  Probe  
  22  1:37  Pylon  
  22  1:43  Probe  
  23  1:55  Probe  
  24  2:03  Warp Gate (Chrono Boost), Adept, Stalker  
  28  2:11  Pylon  
  28  2:20  Stargate  
  28  2:40  Stalker  
  32  2:59  Nexus  
  32  3:02  Oracle (Chrono Boost)  
  33  3:18  Probe  
  32  3:21  Shield Battery  
  32  3:28  Shield Battery  
  32  3:30  Probe  
  33  3:42  Probe, Twilight Council  
  33  3:44  Sentry  
  36  3:52  Stalker  
  38  3:58  Probe  
  39  4:04  Pylon  
  39  4:11  Phoenix  
  39  4:14  Probe (Chrono Boost)  
  39  4:15  Probe (Chrono Boost)  
  45  4:24  Blink (Chrono Boost), Probe (Chrono Boost)  
  45  4:25  Probe (Chrono Boost)  
  46  4:32  Probe (Chrono Boost)  
  46  4:35  Probe (Chrono Boost)  
  47  4:40  Stalker  
  47  4:45  Probe x2  
  50  4:48  Gateway  
  50  4:52  Stalker  
  53  4:57  Probe x2  
  55  5:02  Pylon  
  55  5:05  Stalker  
  57  5:09  Probe  
  58  5:15  Pylon  
  58  5:19  Probe  
  59  5:22  Stalker  
  59  5:24  Probe  
  59  5:25  Assimilator  
  62  5:31  Probe  
  63  5:39  Nexus  
  63  5:41  Pylon  
  63  5:42  Probe  
  64  5:50  Stalker x2  
  68  5:57  Forge  
  68  6:01  Shield Battery  
  68  6:03  Stalker  
  70  6:09  Gateway  
  70  6:13  Stalker  
  70  6:15  Sentry  
  74  6:21  Pylon  
  74  6:26  Stalker  
  74  6:28  Probe x2, Robotics Facility  
  78  6:38  Stalker  
  80  6:42  Stalker  
  80  6:43  Shield Battery  
  82  6:49  Shield Battery, Stalker  
  84  6:55  Pylon  
  84  6:59  Oracle  
  84  7:03  Stalker  
  84  7:06  Adept  
  84  7:07  Adept  
  90  7:12  Stalker  
  92  7:25  Shield Battery  
  92  7:27  Stalker x2  
  96  7:32  Stalker  
  98  7:39  Stalker  
  92  7:52  Stalker x2  
  92  7:57  Stalker  
  96  8:01  Shield Battery  
  94  8:07  Stalker  
  82  8:20  Stalker x3  
  88  8:31  Stalker  
  90  8:39  Pylon  
  90  8:48  Stalker  
  86  8:54  Pylon  
  86  8:58  Stalker x2  
  90  9:08  Pylon  
  90  9:13  Stalker  
  92  9:17  Gateway  
  92  9:19  Gateway  
  92  9:21  Shield Battery, Gateway  
  92  9:22  Stalker  
  92  9:23  Photon Cannon, Immortal (Chrono Boost), Stalker  
  100  9:33  Stalker  
  100  9:37  Stalker  
  104  9:48  Stalker x2  
  106  9:54  Probe x2  
  106  9:55  Pylon  
  108  10:00  Stalker  
  110  10:07  Stalker  
  109  10:15  Stalker x2  
  111  10:22  Probe  
  113  10:29  Stalker  
  113  10:32  Pylon  
  114  10:36  Observer  
  114  10:37  Protoss Ground Weapons Level 1 (Chrono Boost)  
  115  10:45  Stalker  
  117  10:59  Stalker x2  
  121  11:06  Stalker  
  123  11:17  Stalker x2  
  127  11:19  Assimilator  
  127  11:24  Adept x2  
  131  11:28  Probe  
  131  11:29  Probe x2  
  134  11:39  Stalker  
  132  11:41  Probe  
  132  11:42  Pylon  
  132  11:43  Pylon  
  132  11:46  Probe  
  131  11:49  Stalker  
  133  12:03  Stalker x3  
  133  12:04  Stalker  
  141  12:14  Observer  
  142  12:18  Stalker  
  142  12:19  Stalker x2  
  148  12:42  Pylon  
  146  12:48  Stalker x5  
  146  12:49  Stalker  
Show
View Real Time Build Order
Export as new Build Order

Has Protoss 

Build Orders: 1 Gate Expand 

Get SALT Encoding   

  12  0:00  Probe  
  13  0:12  Probe  
  14  0:19  Pylon  
  14  0:24  Probe (Chrono Boost)  
  15  0:39  Gateway, Probe (Chrono Boost)  
  16  0:44  Probe (Chrono Boost)  
  16  0:47  Assimilator  
  17  0:53  Probe  
  17  0:56  Assimilator  
  18  1:05  Probe  
  20  1:18  Probe  
  20  1:32  Nexus  
  20  1:43  Cybernetics Core  
  20  1:46  Probe  
  21  1:53  Pylon  
  21  1:58  Probe  
  23  2:19  Robotics Facility, Stalker  
  23  2:22  Warp Gate  
  24  2:27  Shield Battery  
  24  2:30  Probe  
  25  2:44  Gateway, Probe  
  26  2:46  Probe  
  27  2:52  Sentry  
  27  2:57  Probe  
  30  3:04  Probe  
  31  3:09  Probe  
  31  3:17  Probe  
  31  3:19  Observer (Chrono Boost)  
  32  3:23  Probe (Chrono Boost)  
  33  3:29  Probe (Chrono Boost)  
  33  3:32  Stalker (Chrono Boost)  
  37  3:39  Probe x2 (Chrono Boost)  
  37  3:44  Probe (Chrono Boost)  
  37  3:46  Probe  
  37  3:48  Shield Battery  
  35  3:56  Probe  
  35  3:58  Probe  
  37  4:08  Probe  
  38  4:10  Probe  
  38  4:15  Observer  
  39  4:17  Twilight Council  
  39  4:20  Probe (Chrono Boost)  
  39  4:22  Probe (Chrono Boost)  
  41  4:24  Gateway  
  41  4:27  Pylon  
  41  4:32  Probe (Chrono Boost)  
  41  4:34  Probe (Chrono Boost)  
  41  4:35  Observer  
  44  4:40  Probe (Chrono Boost)  
  44  4:41  Probe (Chrono Boost)  
  44  4:43  Forge  
  46  4:46  Probe, Stalker  
  46  4:48  Probe  
  46  4:51  Blink (Chrono Boost)  
  50  4:57  Stalker  
  52  5:03  Pylon  
  52  5:04  Assimilator  
  52  5:08  Observer  
  52  5:11  Gateway  
  52  5:16  Pylon  
  52  5:17  Protoss Ground Weapons Level 1 (Chrono Boost)  
  52  5:20  Stalker  
  54  5:22  Probe x2  
  54  5:23  Observer  
  56  5:34  Stalker x2  
  60  5:40  Gateway  
  60  5:41  Gateway  
  60  5:47  Warp Prism (Chrono Boost)  
  62  6:01  Shield Battery  
  61  6:05  Pylon  
  61  6:07  Stalker  
  61  6:09  Stalker x2  
  67  6:16  Pylon  
  67  6:22  Pylon  
  67  6:24  Stalker  
  69  6:30  Pylon  
  69  6:36  Stalker x3  
  75  6:43  Stalker  
  75  6:46  Stalker  
  79  6:49  Stalker  
  79  6:52  Pylon  
  81  7:07  Stalker x4  
  89  7:12  Stalker  
  91  7:29  Stalker  
  88  7:32  Adept x2  
  88  7:34  Stalker x2  
  93  7:38  Stalker  
  92  7:53  Stalker  
  92  7:54  Stalker x2  
  98  7:59  Stalker  
  100  8:09  Stalker x2  
  100  8:10  Warp Prism (Chrono Boost)  
  94  8:30  Stalker x3  
  94  8:31  Stalker x2  
  77  8:59  Stalker  
  77  9:00  Stalker x3  
  77  9:01  Stalker  
  87  9:05  Adept  
  87  9:07  Probe x2  
  90  9:12  Assimilator  
  92  9:29  Stalker x2  
  92  9:30  Stalker x2  
  98  9:36  Stalker  
  100  9:40  Adept  
  100  9:58  Stalker  
  102  10:04  Pylon  
  102  10:06  Pylon  
  100  10:20  Protoss Ground Weapons Level 2 (Chrono Boost)  
  94  10:37  Stalker x3  
  94  10:39  Stalker, Observer  
  94  10:40  Stalker  
  94  10:42  Probe x2  
  106  10:48  Pylon  
  104  11:12  Stalker x5  
  113  11:21  Pylon  
  113  11:24  Pylon  
  113  11:33  Immortal (Chrono Boost)  
  113  11:38  Pylon  
  117  11:41  Sentry  
  117  11:42  Sentry x2  
  123  12:01  Pylon  
  118  12:18  Stalker x4  
  118  12:19  Stalker x2  
  112  12:47  Stalker  
  112  12:48  Stalker x4  

Tags
 
Add a new tag
Caveats
  • Supply blocks, unpowered buildings, or Contaminate may cause inaccurate times.
  • Supply counts are checked every 10 seconds.